 Dungeon Crawl Stone Soup version 0.28-a0-1142-gc8569940dd (webtiles) character file.

Game seed: 10113312071197869357

118406 Ijustatesigmund the Tortoise (level 16, -12/223 HPs)
             Began as a Hill Orc Fighter on Dec 6, 2021.
             Was the Champion of Cheibriados.
             Mangled by a profane servitor (17 damage)
             ... on level 3 of the Abyss on Dec 13, 2021.
             The game lasted 01:01:30 (27089 turns).

Ijustatesigmund the Tortoise (Hill Orc Fighter)    Turns: 27089, Time: 01:01:31

Health: -12/223    AC: 44    Str: 36    XL:     16   Next: 76%
Magic:  27/28      EV: 24    Int: 27    God:    Cheibriados [******]
Gold:   2189       SH: 21    Dex: 23    Spells: 15/15 levels left

rFire   . . .      SeeInvis .   a - +3 broad axe (flame)
rCold   . . .      Faith    .   c - +2 tower shield {AC+3}
rNeg    . . .      Spirit   .   r - +27 Lear's hauberk
rPois   .          Reflect  .   (helmet currently unavailable)
rElec   .          Harm     .   (no cloak)
rCorr   .          Rampage  .   (gloves currently unavailable)
Will    +....      Rage     3%  (boots currently unavailable)
Stlth   ..........              (no amulet)
HPRegen 0.47/turn               h - +4 ring of evasion
MPRegen 0.21/turn               i - +4 ring of evasion

@: berserking (expiring), wreathed by umbra, studying Ice Magic, very slow
A: antennae 1, beak, talons 1, [berserk 2], [clumsy 2], screaming 1[+1]
a: Renounce Religion, Bend Time, Temporal Distortion, Slouch, Step From Time


You were on level 3 of the Abyss.
You worshipped Cheibriados.
Cheibriados was exalted by your worship.
You visited 4 branches of the dungeon, and saw 23 of its levels.
You visited the Abyss 2 times.
You also visited: Gauntlet and Ice Cave.

You collected 3533 gold pieces.
You spent 1344 gold pieces at shops.

Inventory:

Hand Weapons
 a - a +3 broad axe of flaming (weapon)
 H - a +1 war axe of flaming
 M - a +2 broad axe
Missiles
 v - 2 throwing nets (quivered)
 S - 3 curare-tipped darts
Armour
 b - the +1 ring mail of Inviolability {rPois Str+4 Dex+5}
   (You found it on level 5 of the Dungeon)

   Str:       It affects your strength (+4).
   Dex:       It affects your dexterity (+5).
   rPois:     It protects you from poison.
 c - a +2 tower shield of protection (worn)
 d - a +0 pair of gloves
 r - the +27 Lear's hauberk (worn)
   (You found it on level 7 of the Dungeon)
 w - the +4 robe of Folly {Brilliance Will-∞ Int+8}
   (You found it on level 8 of the Dungeon)

   It increases the power of your magical spells.
   It halves the magic cost of your spells (rounding up).
   It reduces your willpower to zero.
   Int:       It affects your intelligence (+8).
 y - a +2 pair of boots
 z - the +0 cloak "Ocui" {rElec rF+ Dex-5}
   (You found it in a Gauntlet)

   Dex:       It affects your dexterity (-5).
   rF:        It protects you from fire.
   rElec:     It insulates you from electricity.
Jewellery
 e - a ring of fire
 h - a +4 ring of evasion (left hand)
 i - a +4 ring of evasion (right hand)
 N - a ring of protection from fire
Wands
 x - a wand of iceblast (20)
 E - a wand of charming (3)
 F - a wand of paralysis (5)
 K - a wand of flame (1)
 O - a wand of digging (6)
Scrolls
 f - a scroll of summoning
 j - a scroll of holy word
 m - 3 scrolls of fog
 n - 5 scrolls of teleportation
 o - 7 scrolls of identify
 p - a scroll of magic mapping
 q - 4 scrolls of amnesia
 I - 2 scrolls of torment
 L - 2 scrolls of enchant armour
 Q - 2 scrolls of blinking
 R - a scroll of fear
 T - a scroll of silence
Potions
 g - 4 potions of mutation
 k - 17 potions of curing
 l - 4 potions of lignification
 s - 5 potions of attraction
 t - a potion of berserk rage
 u - a potion of heal wounds
 A - 3 potions of invisibility
 C - 3 potions of flight
 D - 3 potions of brilliance
 G - 4 potions of resistance
 J - 2 potions of might


   Skills:
 + Level 15.5 Fighting
 - Level 17.2 Axes
 - Level 17.7 Armour
 - Level 11.9 Dodging
 - Level 10.7 Shields
 + Level 17.0 Invocations


You had 15 spell levels left.
You didn't know any spells.
Your spell library contained the following spells:

 Spells                   Type           Power      Damage    Failure   Level
 Foxfire                  Conj/Fire      0%         2x1d4     88%         1
 Sandblast                Erth           0%         2d4       88%         1
 Slow                     Hex            0%         N/A       88%         1
 Corpse Rot               Necr/Air       0%         N/A       95%         2
 Passwall                 Tmut/Erth      0%         N/A       95%         2
 Poisonous Vapours        Pois/Air       0%         N/A       95%         2
 Static Discharge         Conj/Air       0%         N/A       95%         2
 Confusing Touch          Hex            0%         N/A       99%         3
 Conjure Flame            Conj/Fire      0%         6-21      99%         3
 Ignite Poison            Fire/Tmut/Pois 0%         N/A       99%         3
 Inner Flame              Hex/Fire       0%         N/A       99%         3
 Mephitic Cloud           Conj/Pois/Air  0%         N/A       99%         3
 Ozocubu's Armour         Ice            0%         N/A       99%         3
 Stone Arrow              Conj/Erth      0%         3d7       99%         3
 Animate Armour           Summ/Erth      0%         N/A       100%        4
 Animate Dead             Necr           0%         N/A       100%        4
 Dispel Undead            Necr           0%         3d6       100%        4
 Flame Wave               Conj/Fire      0%         2d4       100%        4
 Sticky Flame             Conj/Fire      0%         2d3       100%        4
 Borgnjor's Vile Clutch   Necr/Erth      0%         N/A       100%        5
 Freezing Cloud           Conj/Ice/Air   0%         6-21      100%        5
 Yara's Violent Unravell  Hex/Tmut       0%         3d3       100%        5
 Conjure Ball Lightning   Conj/Air       0%         3x3d6     100%        6
 Death Channel            Necr           0%         N/A       100%        6
 Dispersal                Tloc           0%         N/A       100%        6
 Iron Shot                Conj/Erth      0%         9d1       100%        6
 Starburst                Conj/Fire      0%         6d3       100%        6
 Ozocubu's Refrigeration  Ice            0%         4d5       100%        7
 Lehudib's Crystal Spear  Conj/Erth      0%         10d2      100%        8
 Shatter                  Erth           0%         3d5*      100%        9


Dungeon Overview and Level Annotations

Branches:
Dungeon (14/15)            Temple (1/1) D:6            Lair (6/6) D:8
  Swamp (0/4) Lair:3       Spider (0/4) Lair:3        Slime (0/5) Lair:5
    Orc (2/2) D:11            Elf (0/3) Orc:2        Vaults (0/5) D:13
  IceCv (visited)         Gauntlet (visited)

Altars:
Ashenzari
Cheibriados
Dithmenos
Elyvilon
Fedhas
Gozag
Hepliaklqana
Kikubaaqudgha
Makhleb
Nemelex Xobeh
Okawaru
Qazlal
Ru
Sif Muna
Trog
Uskayaw
Vehumet
Wu Jian
Xom
Yredelemnul
Zin
The Shining One
Beogh
Jiyva

Shops:
D:5 [   D:6 (   D:7 *   D:9 !   D:11 (   Orc:2 *:[!?

Annotations:
D:3 1 runed translucent door
D:10 3 runed translucent doors, Strykforce's ghost, journeyman GrWz
D:14 Louise; Roxanne


Innate Abilities, Weirdness & Mutations

You have a pair of small antennae on your head.
You have a beak for a mouth.
You have sharp toenails.
[You often lose your temper in combat.]
[You are very clumsy. (Dex -4)]
[You frequently scream uncontrollably at your foes.]


Message History

The bone dragon is no longer moving slowly.
You block the profane servitor's attack.
The profane servitor hits you but does no damage.
You are electrocuted!
* * * LOW HITPOINT WARNING * * *
A fire elemental comes into view.
You block the black draconian's attack.
The profane servitor hits you with a +3 demon whip of electrocution.
* * * LOW HITPOINT WARNING * * *
The profane servitor draws strength from your injuries!
The profane servitor barely misses you.
A spatial maelstrom comes into view.
The bone dragon closely misses you. You block the bone dragon's attack.
The bone dragon completely misses you.
You are too berserk!
You miss the profane servitor. You claw the profane servitor.
Your peck misses the profane servitor.
The profane servitor is severely damaged.
You slash the bone dragon! You burn the bone dragon.
You slice the ancient zyme!! You burn the ancient zyme!
The profane servitor hits you with a +3 demon whip of electrocution!
* * * LOW HITPOINT WARNING * * *
The profane servitor draws strength from your injuries!
The profane servitor hits you but does no damage.
You block the black draconian's attack. You block the ancient zyme's attack. x2
The worldbinder calls forth creatures from the Elven Halls!
You block the profane servitor's attack. x2
The bone dragon completely misses you. x2
The bone dragon tramples you but does no damage.
You slice the ancient zyme!! You burn the ancient zyme!
You destroy the ancient zyme!
Cheibriados thoroughly appreciates the change of pace.
You slice the bone dragon!! You burn the bone dragon.
You barely miss the profane servitor. You block the black draconian's attack.
A smoke demon comes into view.
The profane servitor hits you with a +3 demon whip of electrocution.
* * * LOW HITPOINT WARNING * * *
The profane servitor draws strength from your injuries!
You are electrocuted!
You die...

... #......# .3
...##......##..
.......v.....○°
...........E☼..
............. .
)....d. .
##.#DA.# .. #.
.##..@## . . .
. ##...#. .. .
# ... #.....# #
. ....#..##.e#
.#..##.#.#.##
#x# . #.... ...
#.. . ##.#.#.##
e.. . #.. . ##
#. .. .#.#


You could see a bone dragon, a profane servitor, a black draconian, a spatial
maelstrom, a deep elf knight (summoned), a worldbinder, a deep elf zephyrmancer
(summoned), a smoke demon and a fire elemental.

Vanquished Creatures
  2 bone dragons (Abyss:3)
  5 tentacled starspawn (Abyss:3)
  Kirke (D:14)
  The ghost of Peloso the Fencer, a journeyman MiFi of Okawaru (Orc:1)
  A deep elf elementalist (Abyss:3)
  An angel (Abyss:3)
  A reaper (Abyss:3)
  An entropy weaver (Gauntlet)
  A minotaur (Gauntlet)
  An ettin (Orc:1)
  4 boulder beetles
  8 hydras
  Erica (Lair:1)
  The ghost of Vbesf the Zephyrmancer, a journeyman OpVM (D:11)
  6 two-headed ogres
  3 ogre magi (Orc:2)
  3 catoblepae
  2 thrashing horrors (Abyss:3)
  7 death yaks
  Nergalle (Orc:1)
  A wretched star (Abyss:3)
  A sixfirhy (Abyss:3)
  2 spatial maelstroms (Abyss:3)
  A glowing orange brain (Abyss:3)
  2 lindwurms
  A necromancer (IceCv)
  8 orc sorcerers
  Pikel (D:6)
  2 orc knights (Orc:1)
  5 ugly things
  A faun (shapeshifter) (D:13)
  A deep elf pyromancer (D:14)
  A manticore (D:6)
  3 cyclopes
  5 black mambas
  Joseph (D:7)
  20 elephants
  An ice statue (IceCv)
  Maurice (D:12)
  5 cane toads
  2 smoke demons (Abyss:3)
  Maggie (D:7)
  A torpor snail (Lair:6)
  A demonic crawler (Abyss:3)
  12 ice devils (IceCv)
  5 rime drakes
  8 komodo dragons
  4 entropy weaver simulacra (IceCv)
  5 freezing wraiths
  An efreet (D:14)
  An anaconda simulacrum (IceCv)
  An ancient zyme (Abyss:3)
  4 polar bears
  A jumping spider (Gauntlet)
  5 tyrant leeches (Lair:3)
  A queen bee (Gauntlet)
  6 trolls
  7 hornets (Lair:6)
  12 raiju
  A large abomination (Abyss:3)
  35 blink frogs
  9 dream sheep
  A meliai zombie (D:11)
  2 vampires
  A shadow (D:11)
  A centaur simulacrum (D:14)
  16 spriggans (Lair:6)
  A spriggan (shapeshifter) (D:13)
  5 wyverns
  2 wraiths
  65 yaks
  2 ynoxinuls (Abyss:3)
  6 basilisks
  A yak (shapeshifter) (D:13)
  4 fire bats (Abyss:3)
  A dire elephant simulacrum (IceCv)
  6 vampire mosquitoes
  2 death yak simulacra (IceCv)
  A steam dragon (D:4)
  4 hogs (D:14)
  6 spatial vortices (Abyss:3)
  A chaos spawn (Abyss:3)
  2 neqoxecs (Abyss:3)
  4 acid dragons
  4 wargs
  9 water moccasins
  Duvessa (D:5)
  A sky beast (D:8)
  8 black bears
  An ice beast (D:6)
  13 orc warriors
  17 wolves (Lair:6)
  7 ogres
  3 boggarts (Lair:6)
  2 necrophages
  2 phantoms
  4 centaurs
  10 bullfrogs
  6 gnoll sergeants
  A kobold brigand (D:13)
  4 cane toad simulacra (IceCv)
  A two-headed ogre simulacrum (IceCv)
  Dowan (D:5)
  7 elephant simulacra (IceCv)
  6 killer bees (Gauntlet)
  5 howler monkeys
  The ghost of Oshino the Skirmisher, a weakling GrFi (D:3)
  15 electric eels
  7 small abominations (Abyss:3)
  18 starcursed masses (Abyss:3)
  2 centaur zombies
  5 hounds
  A gnoll shaman (D:5)
  18 orc priests
  A bullfrog skeleton (D:5)
  A centaur skeleton (D:4)
  2 lightning spires (Gauntlet)
  44 orc wizards
  12 hell rats
  3 troll simulacra (IceCv)
  5 polar bear simulacra (IceCv)
  2 wolf simulacra (IceCv)
  A howler monkey zombie (D:9)
  36 gnolls
  3 adders
  A naga simulacrum (IceCv)
  A river rat (D:3)
  3 ufetubi
  2 adder skeletons (D:4)
  4 dart slugs
  3 worms
  68 orcs
  6 endoplasms
  4 giant cockroaches
  8 goblins
  A hobgoblin (D:1)
  13 jackals
  11 kobolds
  6 quokkas
  5 ball pythons
  6 bats
  2 frilled lizards
  6 rats
  A lurking horror (Abyss:3)
  7 starspawn tentacles (Abyss:3)
819 creatures vanquished.

Vanquished Creatures (collateral kills)
  A cyclops (D:12)
1 creature vanquished.

Vanquished Creatures (others)
  A human (D:14)
  An orc warrior (Orc:1)
  A bush (Lair:3)
  29 fungi
  134 plants
  8 starspawn tentacles (Abyss:3)
174 creatures vanquished.

Grand Total: 994 creatures vanquished

Notes
Turn   | Place    | Note
-------+----------+-------------------------------------------
     0 | D:1      | Ijustatesigmund the Hill Orc Fighter began the quest for
                  | the Orb.
     0 | D:1      | Reached XP level 1. HP: 19/19 MP: 1/1
   125 | D:1      | Reached XP level 2. HP: 27/27 MP: 2/2
   532 | D:1      | Found a faded altar of an unknown god.
   871 | D:1      | Reached XP level 3. HP: 28/33 MP: 3/3
  1225 | D:2      | Identified a scroll of acquirement
  1225 | D:2      | Acquired 1244 gold pieces
  1740 | D:2      | Reached XP level 4. HP: 41/41 MP: 4/4
  2138 | D:3      | Reached skill level 5 in Axes
  2147 | D:3      | Gained mutation: You have sharp toenails. [potion of
                  | mutation]
  2147 | D:3      | Gained mutation: You are agile. (Dex +2) [potion of
                  | mutation]
  2147 | D:3      | Gained mutation: You have a beak for a mouth. [potion of
                  | mutation]
  2179 | D:3      | Found a runed translucent door.
  2185 | D:3      | Noticed Oshino's ghost (weakling GrFi)
  2380 | D:3      | Found an ancient bone altar of Kikubaaqudgha.
  2402 | D:3      | Reached XP level 5. HP: 47/47 MP: 5/5
  2564 | D:3      | Found a runed translucent door.
  2599 | D:3      | Killed Oshino's ghost
  2600 | D:3      | Reached skill level 5 in Fighting
  2772 | D:3      | Found a bloodstained altar of Trog.
  2905 | D:3      | Reached XP level 6. HP: 47/56 MP: 6/6
  3257 | D:4      | Found a glowing golden altar of the Shining One.
  3456 | D:4      | Noticed a steam dragon
  3459 | D:4      | Killed a steam dragon
  3460 | D:4      | Reached XP level 7. HP: 58/63 MP: 7/7
  3498 | D:4      | Got the Disquisition on the Mountains
  3653 | D:5      | Entered Level 5 of the Dungeon
  3690 | D:5      | Noticed Duvessa
  3690 | D:5      | Noticed Dowan
  3693 | D:5      | Identified the +1 ring mail of Inviolability {rPois Str+4
                  | Dex+5}
  3705 | D:5      | Killed Duvessa
  3712 | D:5      | Killed Dowan
  3799 | D:5      | Found Hyenwegh's Armour Emporium.
  3806 | D:5      | Bought a +2 pair of boots for 198 gold pieces
  3830 | D:5      | Found a sparkling altar of Nemelex Xobeh.
  4027 | D:5      | Found a glowing silver altar of Zin.
  4069 | D:5      | Reached XP level 8. HP: 73/73 MP: 8/8
  4099 | D:5      | Reached skill level 5 in Armour
  4163 | D:5      | Found a shimmering blue altar of Sif Muna.
  4723 | D:5      | Found a radiant altar of Vehumet.
  4904 | D:6      | Noticed a manticore
  4912 | D:6      | Killed a manticore
  4913 | D:6      | Reached skill level 10 in Axes
  4913 | D:6      | Reached XP level 9. HP: 45/81 MP: 9/9
  5241 | D:6      | Noticed Pikel
  5248 | D:6      | Killed Pikel
  5249 | D:6      | Reached skill level 5 in Shields
  5421 | D:6      | Found a stormy altar of Qazlal.
  6002 | D:6      | Found a staircase to the Ecumenical Temple.
  6024 | Temple   | Entered the Ecumenical Temple
  6141 | Temple   | Became a worshipper of Cheibriados the Contemplative
  6228 | D:6      | Found Zuec's Weapon Emporium.
  6345 | D:7      | Found Duonwu's General Store.
  6529 | D:7      | Reached skill level 1 in Invocations
  6579 | D:7      | Bought a scroll of teleportation for 39 gold pieces
  6579 | D:7      | Bought a scroll of fog for 26 gold pieces
  6579 | D:7      | Bought a potion of curing for 39 gold pieces
  6591 | D:7      | Noticed Maggie
  6607 | D:7      | Killed Maggie
  6608 | D:7      | Reached skill level 1 in Dodging
  6608 | D:7      | Reached XP level 10. HP: 53/91 MP: 9/11
  7286 | D:7      | Found a shimmering altar of Xom.
  7294 | D:7      | Reached * piety under Cheibriados
  7346 | D:7      | Noticed Joseph
  7366 | D:7      | Killed Joseph
  7367 | D:7      | Reached skill level 10 in Fighting
  7619 | D:7      | Found the +27 Lear's hauberk
  8116 | D:8      | Noticed an elephant
  8131 | D:8      | Killed an elephant
  8132 | D:8      | Reached skill level 5 in Invocations
  8148 | D:8      | Found a staircase to the Lair.
  8568 | D:8      | Found the +4 robe of Folly {Brilliance Will-∞ Int+8}
  8704 | D:8      | Noticed a two-headed ogre
  8706 | D:8      | Noticed a two-headed ogre
  8712 | D:8      | Killed a two-headed ogre
  8718 | D:8      | Killed a two-headed ogre
  8719 | D:8      | Reached XP level 11. HP: 60/102 MP: 12/15
  8904 | D:8      | Found a hazy altar of Hepliaklqana.
  9010 | D:8      | Reached ** piety under Cheibriados
  9250 | D:9      | Noticed a two-headed ogre
  9257 | D:9      | Killed a two-headed ogre
  9438 | D:9      | Found Kefie's Distillery.
  9451 | D:9      | Bought a potion of curing for 48 gold pieces
  9451 | D:9      | Bought a potion of curing for 48 gold pieces
  9451 | D:9      | Bought a potion of heal wounds for 80 gold pieces
  9451 | D:9      | Bought a potion of invisibility for 128 gold pieces
  9451 | D:9      | Bought a potion of curing for 48 gold pieces
  9451 | D:9      | Bought a potion of heal wounds for 80 gold pieces
  9451 | D:9      | Bought a potion of curing for 48 gold pieces
 10023 | D:10     | Entered Level 10 of the Dungeon
 10229 | D:10     | Found a runed translucent gate.
 10229 | D:10     | Found a runed translucent gate.
 10229 | D:10     | Found a runed translucent gate.
 10230 | D:10     | Noticed Strykforce's ghost (journeyman GrWz)
 10246 | D:10     | Noticed a two-headed ogre
 10252 | D:10     | Killed a two-headed ogre
 10300 | D:10     | Reached *** piety under Cheibriados
 10906 | D:11     | Found Xeoluxt's Antique Weapon Shoppe.
 10957 | D:11     | Bought a broad axe for 116 gold pieces
 10989 | D:11     | Noticed a boulder beetle
 11012 | D:11     | Killed a boulder beetle
 11354 | D:11     | Found a runed translucent gate.
 11354 | D:11     | Found a runed translucent gate.
 11356 | D:11     | Noticed a ten-headed hydra
 11357 | D:11     | Noticed Vbesf's ghost (journeyman OpVM)
 11371 | D:11     | Found a runed translucent gate.
 11372 | D:11     | Noticed an 11-headed hydra
 11887 | D:11     | Upgraded the game from 0.28-a0-998-gb9e9c7b67e to
                  | 0.28-a0-1142-gc8569940dd
 11944 | D:11     | Reached XP level 12. HP: 93/112 MP: 18/18
 12018 | D:11     | Reached **** piety under Cheibriados
 12037 | D:11     | Found a staircase to the Orcish Mines.
 12242 | D:12     | Noticed Maurice
 12347 | D:12     | Noticed a two-headed ogre
 12362 | D:12     | Killed Maurice
 12371 | D:12     | Noticed a boulder beetle
 12388 | D:12     | Killed a boulder beetle
 12486 | D:12     | Killed a two-headed ogre
 12578 | D:12     | Reached skill level 10 in Armour
 12726 | D:12     | Reached skill level 10 in Invocations
 12799 | D:12     | Reached ***** piety under Cheibriados
 13502 | D:13     | Noticed a boulder beetle
 13505 | D:13     | Noticed an ice dragon
 13505 | D:13     | a wolf spider changed into an ice dragon
 13506 | D:13     | Noticed a spark wasp
 13506 | D:13     | an ice dragon changed into a spark wasp
 13508 | D:13     | a spark wasp changed into a wolf spider
 13509 | D:13     | Found a gate to the Vaults.
 13509 | D:13     | Gained mutation: You sometimes lose the ability to read
                  | scrolls when taking damage. [a shining eye]
 13512 | D:13     | Noticed an ice dragon
 13512 | D:13     | an elephant changed into an ice dragon
 13514 | D:13     | Noticed a bunyip
 13514 | D:13     | an ice dragon changed into a bunyip
 13515 | D:13     | Noticed an alligator
 13515 | D:13     | a bunyip changed into an alligator
 13516 | D:13     | Noticed a catoblepas
 13812 | D:13     | Reached skill level 15 in Axes
 14066 | D:13     | Killed a boulder beetle
 14090 | D:13     | Killed a catoblepas
 14253 | D:13     | Noticed a catoblepas
 14259 | D:13     | Killed a catoblepas
 14813 | D:13     | Lost mutation: You sometimes lose the ability to read
                  | scrolls when taking damage. [potion of mutation]
 14813 | D:13     | Lost mutation: You are agile. (Dex +2) [potion of mutation]
 14813 | D:13     | Gained mutation: You have a pair of small antennae on your
                  | head. [potion of mutation]
 14931 | D:14     | Identified Roxanne's Tome of Transmutation
 14931 | D:14     | Noticed Roxanne
 15004 | D:14     | Noticed a boulder beetle
 15016 | D:14     | Killed a boulder beetle
 15017 | D:14     | Reached XP level 13. HP: 105/122 MP: 21/21
 15216 | D:14     | Noticed Kirke
 15223 | D:14     | Killed Kirke
 15562 | D:14     | Noticed Louise
 15563 | D:14     | Cast into level 3 of the Abyss (Louise)
 15633 | Abyss:3  | Noticed a deep elf elementalist
 15641 | Abyss:3  | Noticed a tentacled starspawn
 15648 | Abyss:3  | Killed a tentacled starspawn
 15649 | Abyss:3  | Killed a deep elf elementalist
 15764 | Abyss:3  | Noticed a tentacled starspawn
 15772 | Abyss:3  | Killed a tentacled starspawn
 15773 | Abyss:3  | Reached skill level 5 in Dodging
 15781 | Abyss:3  | Noticed a reaper
 15799 | Abyss:3  | Killed a reaper
 15802 | D:14     | Escaped the Abyss
 16081 | D:13     | Acquired a manual of Armour
 16204 | Lair:1   | Entered Level 1 of the Lair of Beasts
 16219 | Lair:1   | Acquired a manual of Dodging
 16695 | Lair:1   | Noticed Erica
 16705 | Lair:1   | Killed Erica
 17501 | Lair:2   | Reached XP level 14. HP: 133/133 MP: 23/23
 18570 | Lair:3   | Reached skill level 15 in Fighting
 18832 | Lair:3   | Reached ****** piety under Cheibriados
 18975 | Lair:3   | Identified the +5 mace of Potearoohy {freeze, rPois}
 19139 | Lair:3   | Identified the +3 rapier of Youthful Indiscretion {vorpal,
                  | rC- rN+ SInv}
 19157 | Lair:3   | Found a hole to the Spider Nest.
 19416 | Lair:3   | Found a staircase to the Swamp.
 19891 | Lair:4   | Identified the +1 scale mail "Yroche" {Int+2 Stlth+}
 20497 | Lair:4   | Acquired a +2 tower shield of protection
 21167 | Lair:5   | Found a frozen archway.
 21188 | IceCv    | Entered an ice cave
 21227 | IceCv    | Reached XP level 15. HP: 115/141 MP: 25/25
 21527 | IceCv    | HP: 7/141 [ice devil (17)]
 21914 | IceCv    | Reached skill level 15 in Armour
 22031 | IceCv    | Found an ancient bone altar of Kikubaaqudgha.
 22229 | Lair:5   | Found a viscous altar of Jiyva.
 22248 | Lair:5   | Found a staircase to the Slime Pits.
 22999 | Lair:6   | Entered Level 6 of the Lair of Beasts
 23027 | Lair:6   | Found a gate leading to a gauntlet.
 23036 | Gauntlet | Entered a Gauntlet
 23036 | Gauntlet | Found a large runed translucent door.
 23036 | Gauntlet | Found a large runed translucent door.
 23036 | Gauntlet | Found a large runed translucent door.
 23036 | Gauntlet | Found a large runed translucent door.
 23036 | Gauntlet | Found a runed translucent door.
 23036 | Gauntlet | Found a large runed translucent door.
 23036 | Gauntlet | Found a large runed translucent door.
 23036 | Gauntlet | Found a transporter.
 23036 | Gauntlet | Found a transporter.
 23036 | Gauntlet | Found a large runed translucent door.
 23036 | Gauntlet | Found a large runed translucent door.
 23036 | Gauntlet | Found a runed translucent gate.
 23036 | Gauntlet | Found a runed translucent gate.
 23036 | Gauntlet | Found a transporter.
 23056 | Gauntlet | Found a transporter.
 23060 | Gauntlet | Found a transporter.
 23074 | Gauntlet | Found a transporter.
 23075 | Gauntlet | Found a transporter.
 23084 | Gauntlet | Found a transporter.
 23106 | Gauntlet | Found a transporter.
 23124 | Gauntlet | Found a transporter.
 23128 | Gauntlet | Found a transporter.
 23138 | Gauntlet | Found a transporter.
 23144 | Gauntlet | Found a runed translucent gate.
 23145 | Gauntlet | Found a large runed translucent door.
 23145 | Gauntlet | Found a large runed translucent door.
 23146 | Gauntlet | Found a large runed translucent door.
 23147 | Gauntlet | Found a large runed translucent door.
 23148 | Gauntlet | Found a large runed translucent door.
 23148 | Gauntlet | Found a large runed translucent door.
 23148 | Gauntlet | Found a runed translucent door.
 23149 | Gauntlet | Found a large runed translucent door.
 23150 | Gauntlet | Found a large runed translucent door.
 23212 | Gauntlet | Reached skill level 10 in Dodging
 23353 | Gauntlet | Identified the +0 cloak "Ocui" {rElec rF+ Dex-5}
 23368 | Gauntlet | Reached skill level 15 in Invocations
 23388 | Gauntlet | Identified the -4 pair of gloves "Puudio" {Rampage Will-
                  | Str+6}
 23412 | Gauntlet | Identified the +6 great sword of Mutilation {drain, rPois
                  | Will- Stlth+}
 23428 | Gauntlet | Identified the +6 mace of Division {pain, Dex+6}
 23429 | Gauntlet | Got Further Steps in Thaumaturgy
 24770 | D:11     | Reached XP level 16. HP: 133/149 MP: 27/27
 24781 | D:11     | Killed Vbesf's ghost
 24891 | Orc:1    | Entered Level 1 of the Orcish Mines
 25048 | Orc:1    | Found a burning altar of Makhleb.
 25112 | Orc:1    | Found a runed translucent gate.
 25112 | Orc:1    | Found a runed translucent gate.
 25112 | Orc:1    | Found a runed translucent gate.
 25113 | Orc:1    | Noticed Peloso's ghost (journeyman MiFi)
 25177 | Orc:1    | Killed Peloso's ghost
 25315 | Orc:1    | You fall into a shaft and drop 1 floor!
 25315 | Orc:2    | Entered Level 2 of the Orcish Mines
 25343 | Orc:1    | Noticed Nergalle
 25349 | Orc:1    | Killed Nergalle
 25723 | Orc:2    | Found Dirgh's Gadget Gallery.
 25797 | Orc:2    | Found a staircase to the Elven Halls.
 26059 | Orc:2    | Found Ujauntez's Book Shop.
 26088 | Orc:2    | Found an ancient bone altar of Kikubaaqudgha.
 26096 | Orc:2    | Paralysed by an orc sorcerer for 2 turns
 26105 | Orc:2    | Found Alah's Antique Armour Boutique.
 26165 | Orc:2    | Reached skill level 10 in Shields
 26175 | Orc:2    | Found a radiant altar of Vehumet.
 26243 | Orc:2    | Paralysed by something for 6 turns
 26370 | Orc:2    | Found a roughly hewn altar of Beogh.
 26370 | Orc:2    | Found Aphos's Magic Scroll Shop.
 26387 | Orc:2    | Bought a scroll of enchant armour for 75 gold pieces
 26387 | Orc:2    | Bought a scroll of holy word for 75 gold pieces
 26387 | Orc:2    | Bought a scroll of teleportation for 30 gold pieces
 26393 | Orc:2    | Found Kuguyn's Distillery.
 26401 | Orc:2    | Bought a potion of mutation for 112 gold pieces
 26401 | Orc:2    | Bought a potion of curing for 42 gold pieces
 26401 | Orc:2    | Bought a potion of heal wounds for 70 gold pieces
 26401 | Orc:2    | Bought a potion of curing for 42 gold pieces
 26610 | D:14     | Cast into level 3 of the Abyss (Louise)
 26610 | Abyss:3  | Found a corrupted altar of Lugonu.
 26632 | Abyss:3  | Noticed a tentacled starspawn
 26636 | Abyss:3  | Paralysed by accursed screaming for 1 turns
 26651 | Abyss:3  | Killed a tentacled starspawn
 26672 | Abyss:3  | Paralysed by accursed screaming for 1 turns
 26687 | Abyss:3  | Found a corrupted altar of Lugonu.
 26696 | Abyss:3  | Noticed a bone dragon
 26718 | Abyss:3  | Killed a bone dragon
 26954 | Abyss:3  | Noticed a tentacled starspawn
 26959 | Abyss:3  | Killed a tentacled starspawn
 26964 | Abyss:3  | Noticed a bone dragon
 26970 | Abyss:3  | Gained mutation: [You occasionally shout uncontrollably at
                  | your foes.] [a neqoxec]
 26975 | Abyss:3  | Killed a bone dragon
 26988 | Abyss:3  | Noticed a tentacled starspawn
 26998 | Abyss:3  | Killed a tentacled starspawn
 27072 | Abyss:3  | Noticed a bone dragon
 27074 | Abyss:3  | Noticed a profane servitor
 27088 | Abyss:3  | HP: 9/223 [profane servitor (14)]
 27089 | Abyss:3  | Mangled by a profane servitor

Illustrated notes

Levels and vault maps discovered:
D:1:      dpeg_arrival_lava_temple_mockup, layout_basic,
          shapermc_ecumenical_altar_hornbeckon
D:2:      layout_basic, interstate_on_off
D:3:      layout_rooms, mainiacjoe_overflow_small_starburst,
          mainiacjoe_overflow_alcove_4, ebering_ghost_sewer_f,
          corexii_corridor_pit
D:4:      layout_rooms, pf_just_have_faith
D:5:      layout_basic, mainiacjoe_overflow_catwalk,
          nicolae_overflow_hidden_temple, nemelex_altar_shiori,
          general_overflow_altar, minmay_misc_feat_columns, minmay_door_square,
          nicolae_stop_n_shop_2, uniq_duvessa
D:6:      layout_rooms, temple_doors_e, serial_shops, nicolae_diamond_shop,
          kennysheep_small_circle, uniq_pikel
D:7:      layout_loops_ring, lemuel_tele_altar, serial_shops,
          nicolae_shop_window_shopping, hellmonk_guarded_unrand_lears,
          uniq_joseph, uniq_maggie
D:8:      layout_basic, marbit_many_paths, david_lair_generic,
          kennysheep_generic_room_10
D:9:      layout_irregular_city, serial_shops, shop
D:10:     layout_long_grid, ebering_ghost_rock_garden
D:11:     layout_roguey, erik_orc_2, gammafunk_ghost_hydra_chop, serial_shops,
          nicolae_shop_advertising_works [nicolae_subvault_shop_adworks],
          minivault_26
D:12:     layout_cross, serial_bayou, serial_bayou_pond_d, serial_bayou_pond_c,
          serial_bayou_ford_a, serial_bayou_pond_e, uniq_maurice
D:13:     layout_roguey, david_vaults_2, minivault_14,
          small_statue_intersection, roderic_filled_cross,
          minmay_unpleasant_kobolds
D:14:     layout_grid_maze, infiniplex_staircase_zigzag_4, uniq_kirke,
          uniq_louise, uniq_roxanne
Temple:   dshaligram_water_room_temple
Lair:1:   layout_gridlike, chequers_serial_rivers_small_b, uniq_erica
Lair:2:   layout_cave_pods, serial_bayou_shore_b
Lair:3:   nzn_winding_woodlands_cross [nzn_winding_woodlands_5x15_eye,
          nzn_winding_woodlands_5x15_lazy_stream,
          nzn_winding_woodlands_5x15_default,
          nzn_winding_woodlands_5x15_crooked,
          nzn_winding_woodlands_15x15_eel_pit], layout_cave_pods,
          minmay_swamp_entry_worms, dummy_spider_entry, columned_hall_lemuel,
          nicolae_lair_grazing_beasts [nicolae_sub_lair_graze_edge,
          nicolae_sub_lair_graze_edge, nicolae_sub_lair_graze_edge,
          nicolae_sub_lair_graze_edge]
Lair:4:   layout_layer_cave, serial_bayou_lake_a, serial_bayou_shore_a
Lair:5:   layout_gridlike, slime_altar_1, portal_ice_cave_rime
Lair:6:   minmay_lair_end_enchanted_forest, layout_regular_city,
          gauntlet_entry_generic
Orc:1:    layout_diamond_mine, serial_shops, gammafunk_ghost_split, basic_altar,
          uniq_nergalle
Orc:2:    kennysheep_orc_mage_school, layout_caves, nicolae_shop_gadgets
Abyss:3:  base: D:5, evilmike_abyss_exit_mutagenic, evilmike_abyss_exit_12,
          base: D:5, bh_abyss_exit_choice, hangedman_abyss_shoalhut,
          hangedman_elemental_corridor, evilmike_abyss_rune_ettins

Skill      XL: |  1  2  3  4  5  6  7  8  9 10 11 12 13 14 15 16 |
---------------+-------------------------------------------------+-----
Axes           | 3 4 5 6 8 9 10 11 12 14 15 16 17 | 17.2
Fighting       | 4 5 6 7 8 9 11 12 13 14 15 | 15.5
Armour         | 4 6 7 9 10 12 14 16 17 | 17.7
Shields        | 4 6 9 10 | 10.7
Invocations    | 2 6 8 11 12 14 15 17 | 17.0
Dodging        | 1 3 4 6 8 11 | 11.9

Action                   |  1- 3 |  4- 6 |  7- 9 | 10-12 | 13-15 | 16-18 || total
-------------------------+-------+-------+-------+-------+-------+-------++-------
Melee: War axe           |    95 |   123 |   181 |   233 |    30 |     4 ||   666
       Kick              |       |    25 |    18 |   218 |   424 |   148 ||   833
       Peck              |       |    18 |    59 |   161 |   238 |    84 ||   560
       Broad axe         |       |       |       |   235 |   764 |   280 ||  1279
Throw: Throwing net      |       |       |     1 |     2 |       |       ||     3
Invok: Bend Time         |       |       |       |     1 |     2 |     2 ||     5
       Slouch            |       |       |       |       |     7 |     5 ||    12
Evoke: Wand              |       |       |       |     3 |     6 |     4 ||    13
  Use: Scroll            |     4 |     4 |    10 |     9 |    11 |     3 ||    41
       Potion            |     2 |     1 |       |     5 |     8 |     1 ||    17
Armor: Scale mail        |    50 |    50 |     3 |       |       |       ||   103
       Chain mail        |       |       |     3 |   201 |   349 |    98 ||   651
       Ring mail         |       |       |    50 |    14 |       |       ||    64
Dodge: Dodged            |    36 |    81 |    90 |   227 |   506 |   182 ||  1122
Block: Buckler           |    26 |    28 |    29 |       |       |       ||    83
       Kite shield       |       |       |    10 |   253 |   219 |       ||   482
       Tower shield      |       |       |       |       |   452 |   305 ||   757

Table legend: (Time is in decaauts)
 A = Elapsed time spent in this place.
 B = Non-inter-level travel time spent in this place.
 C = Inter-level travel time spent in this place.
 D = Time resting spent in this place.
 E = Time spent auto-exploring this place.
 F = Levels seen in this place.
 G = Mean time per level.
                   A        B        C        D        E       F      G
               +--------+--------+--------+--------+--------+-----+--------+
         Total |  37139 |  35447 |   1692 |   5493 |  23627 |  27 | 1375.5 |
       Dungeon |  19406 |  18360 |   1046 |   3629 |  12051 |  14 | 1386.1 |
        Temple |    137 |    117 |     20 |      0 |    100 |   1 |  137.0 |
          Lair |  12143 |  11648 |    495 |    938 |   9110 |   6 | 2023.8 |
  Orcish Mines |   2711 |   2581 |    130 |    109 |   1816 |   2 | 1355.5 |
         Abyss |    869 |    869 |      0 |    293 |    132 |   2 |  434.5 |
      Ice Cave |   1263 |   1263 |      0 |    391 |    406 |   1 | 1263.0 |
      Gauntlet |    608 |    608 |      0 |    132 |     11 |   1 |  608.0 |
               +--------+--------+--------+--------+--------+-----+--------+

Top non-repeatable levels by time:
  Lair:3: 2519 daAuts
  Lair:4: 2420 daAuts
    D:11: 2244 daAuts
  Lair:6: 1996 daAuts
    D:13: 1978 daAuts
     D:7: 1969 daAuts
  Lair:1: 1826 daAuts
  Lair:2: 1693 daAuts
  Lair:5: 1688 daAuts
   Orc:2: 1628 daAuts
    D:14: 1472 daAuts
     D:9: 1408 daAuts
    D:10: 1380 daAuts
     D:6: 1354 daAuts
    D:12: 1334 daAuts
